 Dungeon Crawl Stone Soup version 0.27.0-1-g7a08968 (webtiles) character file.

Game seed: 5879916842133687572

13658 GodsMustBeCrazy the Blocker (level 12, -2/80 HPs)
             Began as a Gargoyle Fighter on Aug 4, 2021.
             Was a High Priest of Okawaru.
             Slain by a catoblepas (8 damage)
             ... on level 2 of the Lair of Beasts on Aug 6, 2021.
             The game lasted 01:07:02 (16891 turns).

GodsMustBeCrazy the Blocker (Gargoyle Fighter)     Turns: 16891, Time: 01:07:02

Health: -2/80      AC: 26    Str: 24    XL:     12   Next: 8%
Magic:  17/17      EV: 14    Int: 10    God:    Okawaru [*****.]
Gold:   518        SH: 12    Dex:  9    Spells: 18/18 levels left

rFire    . . .     SeeInvis .   a - +0 war axe
rCold    . . .     Faith    .   c - +0 kite shield
rNeg     + . .     Spirit   .   L - +0 acid dragon scales
rPois    ∞         Reflect  .   h - +0 helmet
rElec    +         Harm     .   (no cloak)
rCorr    +         Rampage  .   G - +0 pair of gloves
Will     .....                  I - +2 pair of boots
Stlth    +.........             (no amulet)
HPRegen  0.23/turn              i - +4 ring of evasion
MPRegen  0.15/turn              t - +4 ring of protection

@: weak-willed
A: sickness immunity, AC +8, negative energy resistance 1, electricity
resistance, torment resistance 1, petrification resistance
a: Renounce Religion, Heroism, Finesse


You were on level 2 of the Lair of Beasts.
You worshipped Okawaru.
Okawaru was extremely pleased with you.
You visited 3 branches of the dungeon, and saw 14 of its levels.
You also visited: Ossuary.

You collected 747 gold pieces.
You spent 229 gold pieces at shops.

Inventory:

Hand Weapons
 a - a +0 war axe (weapon)
 d - a +2 morningstar of flaming
 M - a +0 shortbow
 O - a +4 flail of protection
Missiles
 n - 4 javelins
 F - 14 atropa-tipped darts (quivered)
 N - 247 arrows
Armour
 c - a +0 kite shield (worn)
 h - a +0 helmet (worn)
 j - a +0 chain mail
 G - a +0 pair of gloves (worn)
 I - a +2 pair of boots (worn)
 L - +0 acid dragon scales (worn)
Jewellery
 f - a ring of magical power
 i - a +4 ring of evasion (left hand)
 m - a ring of protection from fire
 q - a ring of wizardry
 t - a +4 ring of protection (right hand)
 u - a ring of ice
 y - a ring of magical power
 P - a ring of willpower
 W - a ring of see invisible
Wands
 Q - a wand of iceblast (7)
 S - a wand of mindburst (4)
 V - a wand of flame (28)
 Y - a wand of digging (4)
Scrolls
 k - a scroll of torment
 l - 3 scrolls of vulnerability
 o - 2 scrolls of summoning {unknown}
 p - 6 scrolls of amnesia {unknown}
 v - 3 scrolls of brand weapon {unknown}
 w - 4 scrolls of blinking {unknown}
 A - 2 scrolls of fear {unknown}
 B - 5 scrolls of enchant weapon
 C - a scroll of teleportation
 D - a scroll of acquirement {unknown}
 K - a scroll of fog
 U - 2 scrolls of magic mapping {unknown}
Potions
 b - a potion of resistance
 e - 4 potions of attraction
 g - 4 potions of curing
 r - 2 potions of haste {unknown}
 s - a potion of heal wounds
 x - 4 potions of berserk rage
 z - 2 potions of mutation {unknown}
 H - a potion of invisibility
 J - 2 potions of magic {unknown}
 R - a potion of ambrosia {unknown}
 T - a potion of flight {unknown}
 Z - a potion of cancellation {unknown}
Miscellaneous
 X - a piece from Xom's chessboard (14/15)


   Skills:
 + Level 11.2 Fighting
 + Level 4.8 Axes
 - Level 6.0 Throwing
 + Level 7.4 Armour
 - Level 12.0 Shields
 + Level 3.7 Spellcasting
 - Level 6.0 Invocations


You had 18 spell levels left.
You didn't know any spells.
Your spell library contained the following spells:

 Spells                   Type           Power      Damage    Failure   Level
 Sting                    Tmut/Pois      4%         1d3       43%         1
 Corpse Rot               Necr/Air       N/A        N/A       56%         2
 Poisonous Vapours        Pois/Air       2%         N/A       56%         2
 Slow                     Hex            1%         N/A       56%         2
 Confusing Touch          Hex            1%         N/A       80%         3
 Stone Arrow              Conj/Erth      2%         3d7       80%         3
 Dispel Undead            Necr           1%         3d6       99%         4
 Olgreb's Toxic Radiance  Pois           1%         N/A       99%         4
 Petrify                  Tmut/Erth      1%         N/A       99%         4
 Bolt of Magma            Conj/Fire/Erth 0%         4d4       100%        5
 Irradiate                Conj/Tmut      0%         3d13      100%        5
 Yara's Violent Unravell  Hex/Tmut       0%         3d3       100%        5
 Death Channel            Necr           0%         N/A       100%        6
 Shatter                  Erth           0%         3d5*      100%        9
 Sublimation of Blood     Necr           Unusable   N/A       N/A         2

Dungeon Overview and Level Annotations

Branches:
Dungeon (10/15)            Temple (1/1) D:4            Lair (3/6) D:8
Ossuary (visited)
  Swamp: Lair:2-4    Shoals: Lair:2-4     Snake: Lair:2-4    Spider: Lair:2-4
    Orc: D:9-12

Altars:
Ashenzari
Cheibriados
Dithmenos
Elyvilon
Fedhas
Gozag
Hepliaklqana
Kikubaaqudgha
Makhleb
Okawaru
Qazlal
Ru
Sif Muna
Trog
Uskayaw
Vehumet
Wu Jian
Xom
Yredelemnul
Zin
The Shining One

Shops:
D:5 !   D:8 !

Portals:
Abyss: D:4

Annotations:
D:6 3 runed translucent doors, FromWork's ghost, novice NaBe
Lair:1 2 transporters, Gastronok; MrDizzy's ghost, journeyman PaFi
Lair:2 exclusion: oklob plant


Innate Abilities, Weirdness & Mutations

You are immune to sickness and miasma.
Your stone body is resilient. (AC +8)
You are immune to poison.
You resist negative energy. (rN+)
You are resistant to electric shocks. (rElec)
You are resistant to unholy torment.
You are immune to petrification.


Message History

The helpless elephant fails to defend itself.
You hit the elephant but do no damage.
The elephant is moderately wounded.
You hit the catoblepas.
The catoblepas breathes a plume of calcifying dust at you.
The blast of calcifying dust hits you!
The elephant is engulfed in calcifying dust.
The catoblepas gores you!
The elephant is engulfed in calcifying dust.
The catoblepas breathes a plume of calcifying dust at you.
The blast of calcifying dust hits you!
The elephant is engulfed in calcifying dust.
The catoblepas gores you!!
* * * LOW HITPOINT WARNING * * *
The elephant is engulfed in calcifying dust.
Okay, then.
Aiming: Paralyse
Press: ? - help, Shift-Dir - straight line, f/p - catoblepas
Aim: a catoblepas (weak-willed, chance to affect: 21%)
The catoblepas resists with almost no effort.
The now-empty wand crumbles to dust.
The catoblepas breathes a plume of calcifying dust at you.
The blast of calcifying dust hits you but does no damage.
The elephant is no longer petrified.
The catoblepas gores you but does no damage.
You block the catoblepas's attack. The catoblepas closely misses you.
The catoblepas gores you but does no damage.
The elephant tramples you.
* * * LOW HITPOINT WARNING * * *
You stumble backwards!
The catoblepas breathes a plume of calcifying dust at you.
The blast of calcifying dust hits the elephant but does no damage.
The blast of calcifying dust hits you.
* * * LOW HITPOINT WARNING * * *
The elephant is engulfed in calcifying dust.
The elephant is moving more slowly.
You block the elephant's attack. The elephant barely misses you.
The catoblepas gores you!
You die...

##### #...# ###.....##
##...# #P....## #....#
##.....# ##..####
###....### ######
###...##.# #.....##
.#.#.####..#..##.####...#.#
..........).......#....P###
[........>...<..YY§...###
................@..§§##
#.########.###.####### ###
#.## ### ###


You could see a catoblepas (weak-willed) and an elephant (petrifying).

Vanquished Creatures
  A two-headed ogre (D:8)
  Nergalle (Lair:1)
  An elephant (Lair:2)
  2 black mambas (Lair:2)
  Maggie (D:6)
  3 cane toads
  Psyche (D:8)
  2 komodo dragons
  An ancient zyme (D:4)
  A polar bear (Lair:3)
  7 blink frogs
  A wraith (Ossuary)
  Sigmund (D:6)
  3 wyverns
  Eustachio (D:5)
  A steam dragon (D:8)
  7 yaks
  2 basilisks (Lair:2)
  An acid dragon (D:8)
  Edmund (D:6)
  4 water moccasins
  2 sky beasts (D:8)
  5 black bears
  A hornet zombie (D:8)
  4 orc warriors
  3 necrophages
  An ogre (D:6)
  7 centaurs
  5 wolves
  A phantom (D:6)
  A kobold brigand (D:7)
  12 bullfrogs
  2 scorpions
  6 killer bees (D:8)
  5 wights (D:8)
  4 howler monkeys
  3 hounds
  2 bullfrog zombies
  A bullfrog skeleton (D:6)
  2 centaur skeletons (D:7)
  A quasit (D:4)
  3 orc priests
  A gnoll shaman (D:5)
  2 jellies
  An iguana (D:6)
  6 orc wizards
  The ghost of abdallah the Conjurer, a weakling DgCj (D:4)
  A hound skeleton (D:5)
  2 mummies
  A howler monkey zombie (D:7)
  5 gnolls (D:5)
  4 adders
  A white imp (D:4)
  A worm (D:4)
  An adder skeleton (D:4)
  4 dart slugs
  24 orcs
  4 bats
  6 endoplasms
  3 giant cockroaches
  8 goblins
  6 hobgoblins
  7 jackals
  6 quokkas
  3 ball pythons
  4 frilled lizards (D:1)
  7 gnoll skeletons (Ossuary)
  12 kobolds
  3 kobold skeletons (Ossuary)
  15 orc skeletons (Ossuary)
  A rat (D:3)
254 creatures vanquished.

Vanquished Creatures (others)
  14 fungi
  26 plants
40 creatures vanquished.

Grand Total: 294 creatures vanquished

Notes
Turn   | Place    | Note
-------+----------+-------------------------------------------
     0 | D:1      | GodsMustBeCrazy the Gargoyle Fighter began the quest for
                  | the Orb.
     0 | D:1      | Reached XP level 1. HP: 14/14 MP: 1/1
   159 | D:1      | Reached XP level 2. HP: 14/20 MP: 2/2
   449 | D:1      | Reached XP level 3. HP: 19/24 MP: 3/3
   728 | D:1      | Noticed a golden eye
   730 | D:1      | Found a faded altar of an unknown god.
   741 | D:1      | Noticed a golden eye
   744 | D:1      | Noticed an eye of devastation
   744 | D:1      | Noticed a floating eye
  1194 | D:2      | Reached skill level 5 in Fighting
  1429 | D:2      | Reached XP level 4. HP: 31/31 MP: 4/4
  2578 | D:4      | Noticed a black bear
  2600 | D:4      | Killed a black bear
  2601 | D:4      | Reached skill level 4 in Shields
  2601 | D:4      | Reached XP level 5. HP: 7/36 MP: 5/5
  2893 | D:4      | Found a staircase to the Ecumenical Temple.
  2908 | Temple   | Entered the Ecumenical Temple
  2967 | Temple   | Became a worshipper of Warmaster Okawaru
  3244 | D:4      | Found a one-way gate to the infinite horrors of the Abyss.
  3244 | D:4      | Noticed abdallah's ghost (weakling DgCj)
  3244 | D:4      | Noticed an ancient zyme
  3284 | D:4      | Found a transporter.
  3284 | D:4      | Found a transporter.
  3483 | D:5      | Entered Level 5 of the Dungeon
  3547 | D:5      | Reached XP level 6. HP: 38/41 MP: 6/6
  3698 | D:5      | Found Ystu's Distillery.
  3701 | D:5      | Bought a potion of berserk rage for 50 gold pieces
  3701 | D:5      | Bought a potion of invisibility for 80 gold pieces
  3740 | D:5      | Noticed Eustachio
  3821 | D:5      | Killed Eustachio
  3822 | D:5      | Reached skill level 1 in Throwing
  3822 | D:5      | Reached skill level 1 in Invocations
  4116 | D:5      | Reached XP level 7. HP: 46/46 MP: 8/8
  4769 | D:6      | Noticed Maggie
  4794 | D:6      | Killed Maggie
  4794 | D:6      | Reached * piety under Okawaru
  4795 | D:6      | Reached skill level 5 in Armour
  4795 | D:6      | Reached skill level 5 in Shields
  4880 | D:6      | Found a sand-covered staircase.
  5025 | Ossuary  | Entered an ossuary
  5025 | Ossuary  | Noticed a wraith
  5025 | Ossuary  | Noticed a wraith
  5025 | Ossuary  | Noticed a wraith
  5179 | Ossuary  | Noticed a wraith
  5198 | Ossuary  | Killed a wraith
  5198 | Ossuary  | Reached ** piety under Okawaru
  5199 | Ossuary  | Reached skill level 6 in Shields
  5199 | Ossuary  | Reached XP level 8. HP: 44/52 MP: 10/10
  5505 | D:6      | Noticed Edmund
  5520 | D:6      | Killed Edmund
  5753 | D:6      | Noticed Sigmund
  5762 | D:6      | Killed Sigmund
  5887 | D:6      | Reached XP level 9. HP: 49/57 MP: 12/12
  5891 | D:6      | Reached skill level 7 in Shields
  5966 | D:6      | Reached *** piety under Okawaru
  5974 | D:6      | Found a runed translucent gate.
  5974 | D:6      | Found a runed translucent gate.
  5975 | D:6      | Found a runed translucent gate.
  5975 | D:6      | Noticed FromWork's ghost (novice NaBe)
  6102 | D:6      | Reached skill level 5 in Invocations
  6898 | D:4      | Killed an ancient zyme
  6899 | D:4      | Reached skill level 5 in Throwing
  6899 | D:4      | Reached skill level 8 in Shields
  7015 | D:4      | Killed abdallah's ghost
  7577 | D:7      | Reached **** piety under Okawaru
  8318 | D:8      | You fall into a shaft and drop 2 floors!
  8318 | D:10     | Entered Level 10 of the Dungeon
  8452 | D:9      | Reached skill level 9 in Shields
  8452 | D:9      | Reached XP level 10. HP: 35/66 MP: 14/14
  8859 | D:8      | Noticed Psyche
  8868 | D:8      | Killed Psyche
  9174 | D:8      | Found Ninloed's Distillery.
  9182 | D:8      | Bought a potion of curing for 33 gold pieces
  9182 | D:8      | Bought a potion of degeneration for 11 gold pieces
  9182 | D:8      | Bought a potion of heal wounds for 55 gold pieces
  9296 | D:8      | Found a staircase to the Lair.
  9309 | D:8      | Reached skill level 10 in Fighting
  9309 | D:8      | Reached skill level 10 in Shields
  9349 | D:8      | Reached ***** piety under Okawaru
 10029 | D:8      | Reached skill level 11 in Shields
 10131 | D:8      | Noticed a two-headed ogre
 10153 | D:8      | Killed a two-headed ogre
 10153 | D:8      | Received a gift from Okawaru
 10543 | D:8      | Reached skill level 12 in Shields
 10708 | Lair:1   | Entered Level 1 of the Lair of Beasts
 10732 | Lair:1   | Reached XP level 11. HP: 72/72 MP: 15/15
 10967 | Lair:1   | Found a transporter.
 10969 | Lair:1   | Found a transporter.
 10970 | Lair:1   | Found the ring of the Hare {EV+8}
 10970 | Lair:1   | Noticed MrDizzy's ghost (journeyman PaFi)
 11036 | Lair:1   | Noticed Nergalle
 11064 | Lair:1   | Killed Nergalle
 11244 | Lair:1   | Reached skill level 1 in Spellcasting
 11275 | Lair:1   | Received a gift from Okawaru
 11391 | Lair:1   | Received a gift from Okawaru
 11519 | Lair:1   | Noticed Gastronok
 12520 | Lair:2   | You fall into a shaft and drop 1 floor!
 12675 | Lair:2   | Noticed an oklob plant
 13251 | Lair:2   | Found a basalt altar of Yredelemnul.
 14490 | Lair:3   | Noticed a catoblepas
 16292 | Lair:3   | Reached XP level 12. HP: 48/80 MP: 17/17
 16618 | Lair:2   | Received a gift from Okawaru
 16891 | Lair:2   | Slain by a catoblepas

Illustrated notes

Levels and vault maps discovered:
D:1:      dpeg_arrival_shelter, layout_loops_ring,
          hellmonk_ecumenical_altar_watching_god
D:2:      minmay_kobold_bridge, layout_basic, serial_bayou_pond_d,
          kennysheep_big_empty_room, chequers_serial_rivers_micro_d
D:3:      layout_loops_ring
D:4:      layout_rooms, minmay_temple_entry_offerings,
          gammafunk_ghost_abyssal_escape
D:5:      layout_loops_cross, serial_shops, kennysheep_mini_moat, uniq_eustachio
D:6:      layout_cave_pods, gup_ossuary_entry_pyramid,
          ebering_ghost_rock_garden, uniq_edmund, uniq_sigmund, uniq_maggie
D:7:      layout_basic
D:8:      layout_gridville, david_lair_generic, serial_shops, shop_statue,
          grunt_ministairs_8, kennysheep_kite_vault, uniq_psyche
D:9:      layout_basic, mainiacjoe_overflow_concentric_impassable,
          hangedman_fish_farm, uniq_erica
D:10:     layout_roguey, amcnicky_altar_lugonu_corruption
Temple:   grunt_wide_crystal_templ
Lair:1:   layout_regular_city, gammafunk_ghost_hive, serial_bayou_shore_b,
          grunt_megastairs_1, uniq_gastronok, uniq_nergalle
Lair:2:   layout_concentric_octagons, lemuel_centaur_altar, grunt_megastairs_4,
          minmay_lair_oklob_chamber, infiniplex_staircase_pool
Lair:3:   layout_long_grid, ldierk_geyser

Skill      XL: |  1  2  3  4  5  6  7  8  9 10 11 12 |
---------------+-------------------------------------+-----
Fighting       | 4 5 6 7 9 10 11 | 11.2
Armour         | 4 5 7 |  7.4
Shields        | 4 6 9 12 | 12.0
Throwing       | 1 2 3 5 6 |  6.0
Invocations    | 1 3 4 6 |  6.0
Axes           | 2 4 |  4.8
Spellcasting   | 3 |  3.7

Action                   |  1- 3 |  4- 6 |  7- 9 | 10-12 || total
-------------------------+-------+-------+-------+-------++-------
Melee: Mace              |    95 |   193 |   139 |       ||   427
       Morningstar       |       |       |    45 |       ||    45
       Flail             |       |       |   214 |   643 ||   857
       War axe           |       |       |       |   172 ||   172
Throw: Stone             |       |     2 |       |       ||     2
       Dart              |       |       |       |     2 ||     2
Evoke: Wand              |       |       |     3 |    21 ||    24
       Piece from Xom's  |       |       |       |     1 ||     1
  Use: Scroll            |       |     1 |       |    14 ||    15
       Potion            |       |       |     1 |     3 ||     4
 Stab: Paralysed         |       |       |     8 |       ||     8
       Petrified         |       |       |       |     2 ||     2
Armor: Scale mail        |    50 |   116 |    31 |       ||   197
       Acid dragon scale |       |       |   202 |   636 ||   838
Dodge: Dodged            |    56 |   113 |   276 |   708 ||  1153
Block: Kite shield       |    45 |   130 |   345 |   846 ||  1366
